 Dungeon Crawl Stone Soup version 0.18-a0-641-g4caf58e (webtiles) character file.

4240 Arkorax the Fighter (level 10, -2/73 HPs)
             Began as a Halfling Gladiator on Dec 5, 2015.
             Slain by a komodo dragon (23 damage)
             ... on level 7 of the Dungeon.
             The game lasted 00:17:51 (8896 turns).

Arkorax the Fighter (Halfling Gladiator)            Turns: 8896, Time: 00:17:51

Health: -2/73      AC:  6    Str: 17    XL:     10   Next: 55%
Magic:  10/10      EV: 20    Int:  7    God:
Gold:   216        SH:  0    Dex: 17    Spells: 0 memorised, 9 levels left

rFire  . . .     SeeInvis .     q - +5 quarterstaff (chaos)
rCold  + . .     Clarity  .     B - +1 leather armour {rPois}
rNeg   . . .     SustAt   +     (shield currently unavailable)
rPois  +         Gourm    .     c - +0 helmet
rElec  .         Spirit   .     r - +0 cloak
rCorr  .         Dismiss  .     (no gloves)
rMut   .         Stasis   .     (no boots)
MR     .....                    (no amulet)
Stlth  +.........               x - ring of sustain attributes
                                b - ring of protection from cold

@: not resistant to hostile enchantments, very unstealthy
A: mutation resistance 1
a: no special abilities


You were on level 7 of the Dungeon.
You were not hungry.

You visited 2 branches of the dungeon, and saw 9 of its levels.
You also visited: Sewer.

You collected 300 gold pieces.
You spent 84 gold pieces at shops.

Inventory:

Hand Weapons
 a - a +0 rapier
 q - a +5 quarterstaff of chaos (weapon)
 K - a +1 quarterstaff of draining
Missiles
 d - 3 throwing nets (quivered)
Armour
 c - a +0 helmet (worn)
 r - a +0 cloak (worn)
 B - a +1 leather armour of poison resistance (worn)
Jewellery
 b - a ring of protection from cold (left hand)
 x - a ring of sustain attributes (right hand)
Wands
 p - a wand of digging (12)
Scrolls
 f - 3 scrolls of identify
 l - a scroll of blinking {unknown}
 s - 4 scrolls of enchant armour
 y - a scroll of amnesia {unknown}
 z - a scroll of fog {unknown}
 A - a scroll of noise {unknown}
 E - a scroll of fear {unknown}
 F - a scroll of summoning {unknown}
 H - 4 scrolls of remove curse
Potions
 h - a potion of brilliance {unknown}
 k - a potion of agility
 m - 4 potions of heal wounds {unknown}
 n - a potion of might {unknown}
 o - 2 potions of poison {unknown}
 t - a potion of curing
 u - 2 potions of degeneration {unknown}
 v - a potion of lignification {unknown}
 C - a potion of berserk rage {unknown}
 D - a potion of cure mutation {unknown}
 G - a potion of cancellation {unknown}
 J - a potion of invisibility {unknown}
Books
 I - a book of Transfigurations

   Spells                             Type                      Level
   a - Stoneskin                      Transmutation/Earth          2
   b - Irradiate                      Conjuration/Transmutation    5
   c - Statue Form                    Transmutation/Earth          6
   d - Hydra Form                     Transmutation                6
   e - Dragon Form                    Transmutation                7
Comestibles
 e - a bread ration
 i - 2 meat rations
 w - 2 beef jerkies


   Skills:
 * Level 8.8 Fighting
 - Level 5.4 Short Blades
 * Level 7.2 Staves
 - Level 2.1 Throwing
 + Level 8.1 Dodging


You had 9 spell levels left.
You didn't know any spells.

Dungeon Overview and Level Annotations

Branches:
Dungeon (8/15)             Temple (1/1) D:4
   Lair: D:8-11

Altars:
Ashenzari
Cheibriados
Dithmenos
Elyvilon
Fedhas
Gozag
Kikubaaqudgha
Nemelex Xobeh
Qazlal
Ru
Sif Muna
Trog
Vehumet
Xom
Yredelemnul
Zin
The Shining One

Shops:
D:7 (   D:8 *

Annotations:
D:4 vible's ghost, novice HOGl
D:8 Erolcha


Innate Abilities, Weirdness & Mutations

You are small and have problems with some larger weapons.
You are somewhat resistant to further mutation.


Message History

You sock the komodo dragon! You freeze the komodo dragon.
The komodo dragon is heavily wounded.
The komodo dragon bites you!
* * * LOW HITPOINT WARNING * * *
You are too injured to fight recklessly!
A hippogriff comes into view.
The hippogriff screeches!
The hippogriff closely misses you. The hippogriff barely misses you.
The hippogriff completely misses you. The komodo dragon misses you.
The komodo dragon closely misses you.
The komodo dragon hisses menacingly.
There is a stone staircase leading up here.
The komodo dragon bites you!
* * * LOW HITPOINT WARNING * * *
A jackal comes into view.
An iguana comes into view.
The iguana hisses angrily.
The iguana closely misses you. The komodo dragon bites you!!
You die...

#.# #...# #.# ####### #.# #...#
#.# #.# #...# ####.#### ..# #...#
#.....>.# ##### ### ##...####
#.##.##.# #.... ######.......#
#.##.##<####.... #..........#.#
#.##............
##.####[###.#.####.#####.####....
.....##.##...H.l@l.#####.# #....
.#.#..........####.......# #####
.#.###..###...# #.####.##
.#............# #...##.#
....##.##.##<## ###.##.##
.##.##.##.##.# #.##..#
.##.##.<.....# #####.## ##
.##.###.....## ##8##⌠.⌠##8##
###.# #.....# ##...##.##...##


You could see a komodo dragon, a hippogriff and an iguana.

Vanquished Creatures
  Pikel (D:5)
  Psyche (D:7)
  Prince Ribbit (D:8)
  2 hungry ghosts
  A wolf (shapeshifter) (D:8)
  Menkaure (D:4)
  A hippogriff (D:7)
  Edmund (D:4)
  2 orc warriors
  2 ice beasts
  A sky beast (D:7)
  A slave (D:5)
  5 ogres
  A crocodile (Sewer)
  2 centaurs
  Blork the orc (D:4)
  A wyvern zombie (D:5)
  2 giant frogs (D:6)
  5 wights (D:7)
  A giant frog zombie (D:6)
  2 crimson imps
  A quasit (D:5)
  A giant frog skeleton (D:4)
  A jelly (D:5)
  Crazy Yiuf (D:2)
  2 orc priests
  Ijyb (D:2)
  4 hounds
  Jessica (D:2)
  2 iguanas
  An orc wizard (D:5)
  9 worker ants
  4 hound zombies
  9 adders
  A shadow imp (D:5)
  2 oozes
  2 worms
  5 giant geckos
  13 orcs
  3 ball pythons
  5 giant cockroaches
  6 goblins
  11 hobgoblins
  11 jackals
  4 quokkas
  7 bats
  A giant cockroach zombie (D:6)
  3 giant newts
  11 kobolds
  2 quokka skeletons (D:7)
  12 rats
171 creatures vanquished.

Vanquished Creatures (others)
  A centaur (D:6)
  A hound (D:6)
  2 orc wizards (D:6)
  2 worker ants (D:6)
  An adder skeleton (D:6)
  6 orcs (D:6)
  4 plants (D:8)
17 creatures vanquished.

Grand Total: 188 creatures vanquished

Notes
Turn   | Place    | Note
--------------------------------------------------------------
     0 | D:1      | Arkorax the Halfling Gladiator began the quest for the Orb.
     0 | D:1      | Reached XP level 1. HP: 14/14 MP: 1/1
   111 | D:1      | Reached XP level 2. HP: 14/19 MP: 2/2
   731 | D:2      | Reached XP level 3. HP: 17/25 MP: 3/3
  1057 | D:2      | Reached XP level 4. HP: 30/30 MP: 4/4
  1290 | D:2      | Noticed Jessica
  1294 | D:2      | Noticed Ijyb
  1318 | D:2      | Killed Jessica
  1318 | D:2      | Reached skill level 5 in Short Blades
  1342 | D:2      | Killed Ijyb
  1342 | D:2      | Reached XP level 5. HP: 20/36 MP: 5/5
  1703 | D:2      | Noticed Crazy Yiuf
  1718 | D:2      | Killed Crazy Yiuf
  2043 | D:3      | Noticed a hungry ghost
  2044 | D:3      | Reached XP level 6. HP: 41/43 MP: 6/6
  2055 | D:3      | Killed a hungry ghost
  2055 | D:3      | Reached skill level 1 in Staves
  2146 | D:3      | Found a shattered altar of Ashenzari.
  2180 | D:3      | Found a glowing drain.
  2208 | Sewer    | Entered a sewer
  2282 | Sewer    | Reached XP level 7. HP: 20/49 MP: 7/7
  2721 | D:3      | Found a sparkling altar of Nemelex Xobeh.
  3051 | D:4      | Noticed Menkaure
  3053 | D:4      | Noticed vible's ghost (novice HOGl)
  3260 | D:4      | Noticed Edmund
  3293 | D:4      | Killed Menkaure
  3293 | D:4      | Reached skill level 5 in Dodging
  3472 | D:4      | Found a staircase to the Ecumenical Temple.
  3481 | Temple   | Entered the Ecumenical Temple
  3755 | D:4      | Killed Edmund
  3755 | D:4      | Reached skill level 5 in Fighting
  3811 | D:4      | Reached XP level 8. HP: 46/55 MP: 8/8
  3895 | D:4      | Noticed Blork the orc
  4308 | D:4      | Found a stormy altar of Qazlal.
  4348 | D:4      | Killed Blork the orc
  4495 | D:4      | Found a radiant altar of Vehumet.
  4535 | D:5      | Entered Level 5 of the Dungeon
  4761 | D:5      | Found a shimmering altar of Xom.
  4864 | D:5      | Reached skill level 6 in Dodging
  5019 | D:5      | Found a blossoming altar of Fedhas.
  5049 | D:5      | Reached XP level 9. HP: 48/63 MP: 9/9
  5228 | D:6      | Noticed Pikel
  5294 | D:5      | Killed Pikel
  5294 | D:5      | Reached skill level 7 in Fighting
  5294 | D:5      | Reached skill level 5 in Staves
  5550 | D:6      | Found a bloodstained altar of Trog.
  7227 | D:7      | Found Ygyuw's Antique Weapon Shop.
  7235 | D:7      | Bought a glowing quarterstaff for 84 gold pieces
  7562 | D:7      | Reached XP level 10. HP: 43/72 MP: 10/10
  7796 | D:7      | Reached skill level 8 in Fighting
  7819 | D:7      | Found a white marble altar of Elyvilon.
  7886 | D:7      | Found a shadowy altar of Dithmenos.
  7984 | D:7      | Found a snail-covered altar of Cheibriados.
  7984 | D:7      | Found a basalt altar of Yredelemnul.
  8180 | D:7      | Found a deep blue altar of Sif Muna.
  8202 | D:8      | Found Ziaxtad's Assorted Antiques.
  8202 | D:8      | Noticed Psyche
  8289 | D:7      | Killed Psyche
  8534 | D:8      | Noticed Prince Ribbit
  8699 | D:8      | Killed Prince Ribbit
  8787 | D:8      | Noticed Erolcha
  8896 | D:7      | Slain by a komodo dragon

Vault maps used:
D:1:      onia_arrival_mini_spirals
D:2:      grunt_ministairs_2, minmay_misc_feat_alley, uniq_iyjb,
          uniq_crazy_yiuf_cottage, uniq_jessica
D:3:      cheibrodos_ashenzari_chains, lemuel_crystal_altar,
          portal_sewer_entry_c, first_bread
D:4:      nicolae_qazlal_general_emergency, nicolae_overflow_hidden_temple,
          temple_hall, st_stairs_1, uniq_grinder, uniq_blork_the_orc,
          uniq_edmund, uniq_menkaure, uniq_sigmund
D:5:      fedhas_altar_2, basic_altar, hangedman_minor_gate_pass
D:6:      basic_altar, uniq_pikel
D:7:      kennysheep_mini_moat, led_sif_pool, old_standard_altar,
          amethyst_overflow_temple_binary, serial_shops, shop
D:8:      grunt_pakellas_basics, bloody_trog, david_lair_shrubbed, serial_shops,
          shop, nicolae_shop_window_shopping, uniq_psyche, uniq_prince_ribbit1,
          uniq_erolcha
Temple:   hc_temple_tempest_star_small
Sewer:    sewer_the_crocodile

Action                   |  1- 3 |  4- 6 |  7- 9 | 10-12 || total
-------------------------+-------+-------+-------+-------++-------
Melee: Rapier            |   153 |   118 |       |       ||   271
       Quarterstaff      |       |    66 |   362 |   112 ||   540
  Use: Potion            |       |       |     2 |     1 ||     3
       Scroll            |       |       |     1 |     5 ||     6
 Stab: Petrifying        |       |       |     4 |     1 ||     5
       Paralysed         |       |       |     4 |       ||     4
       Confused          |       |       |     3 |       ||     3
       Petrified         |       |       |     2 |       ||     2
       Sleeping          |       |       |       |     2 ||     2
  Eat: Chunk             |     1 |     3 |     5 |       ||     9
       Bread ration      |       |     1 |     1 |     1 ||     3
       Fruit             |       |       |     4 |     2 ||     6
       Meat ration       |       |       |     1 |       ||     1
       Beef jerky        |       |       |       |     2 ||     2
